 Dungeon Crawl Stone Soup version 0.13-b1-45-g38f3f9b (webtiles) character file.

191 BlackAndWhite the Slasher (level 4, -7/33 HPs)
             Began as a Human Skald on Oct 9, 2013.
             Was an Initiate of Okawaru.
             Mangled by an ogre
             ... wielding a +0,+0 giant club
              (23 damage)
             ... on Level 3 of the Dungeon.
             The game lasted 00:07:17 (2434 turns).

BlackAndWhite the Slasher (Human Skald)             Turns: 2434, Time: 00:07:17

HP  -7/33        AC  6     Str 13      XL: 4   Next: 48%
MP   8/8         EV  8     Int 13      God: Okawaru [......]
Gold 119         SH  6     Dex 12      Spells:  3 memorised,  2 levels left

Res.Fire  : . . .   See Invis. : .   a - +0 falchion
Res.Cold  : . . .   Warding    : .   g - +0 ring mail
Life Prot.: . . .   Conserve   : .   f - +0 buckler
Res.Poison: .       Res.Corr.  : .   (no helmet)
Res.Elec. : .       Clarity    : .   (no cloak)
Sust.Abil.: . .     Spirit.Shd : .   v - +0 pair of gloves
Res.Mut.  : .       Stasis     : .   (no boots)
Res.Rott. : .       Flight     : .   (no amulet)
Saprovore : . . .                    (no ring)
                                     (no ring)

@: slightly resistant to hostile enchantments, extremely unstealthy
A: no striking features
a: Renounce Religion


You were on level 3 of the Dungeon.
You worshipped Okawaru.
Okawaru was noncommittal.
You were hungry.

You visited 1 branch of the dungeon, and saw 4 of its levels.

You collected 99 gold pieces.

Inventory:

Hand weapons
 a - a +0,+0 falchion (weapon)
 q - a +0,+0 mace
Missiles
 o - 29 darts (quivered)
Armour
 b - a +0 leather armour
 f - a +0 buckler (worn)
 g - a +0 ring mail (worn)
 v - a +0 pair of gloves (worn)
Comestibles
 d - 3 bread rations
 p - a meat ration
Scrolls
 j - 5 scrolls of identify {unknown}
 k - a scroll of enchant weapon II {unknown}
 l - a scroll of fear {unknown}
 n - 2 scrolls of enchant weapon I {unknown}
 r - 4 scrolls of remove curse {unknown}
 s - a scroll of magic mapping {unknown}
 t - 2 scrolls of teleportation {unknown}
 u - a scroll of random uselessness {unknown}
 x - a scroll of curse armour {unknown}
 z - a scroll of curse jewellery {unknown}
Jewellery
 y - a +2 ring of dexterity {unknown}
Potions
 e - a potion of paralysis {unknown}
 h - 2 potions of flight {unknown}
 i - 3 potions of curing
 m - a potion of invisibility {unknown}
 w - 2 potions of beneficial mutation {unknown}
 A - a potion of poison {unknown}
Books
 c - a book of Battle

   Spells                             Type                      Level
   *Infusion                          Charms                       1
   *Shroud of Golubria                Charms/Translocation         2
   *Song of Slaying                   Charms                       2
   Spectral Weapon                    Hexes/Charms                 3
   Regeneration                       Charms/Necromancy            3
   Song of Shielding                  Charms                       4


   Skills:
 - Level 2.0 Fighting
 * Level 4.2 Long Blades
 - Level 1.0 Armour
 - Level 1.0 Dodging
 - Level 2.1 Spellcasting
 - Level 3.1 Charms


You had 2 spell levels left.
You knew the following spells:

 Your Spells              Type           Power        Failure   Level  Hunger
a - Infusion              Chrm           #.....       24%         1    ##.....
b - Song of Slaying       Chrm           #.........   34%         2    ###....
c - Shroud of Golubria    Chrm/Tloc      #.........   69%         2    ###....


Dungeon Overview and Level Annotations

Branches:
Dungeon (4/27)
 Temple: D:4-7

Altars:
Okawaru


Message History

The orc wizard seems to speed up.
The ogre hits you with a giant club!
You climb upwards.
There is a stone staircase leading down here.
You hit the ogre.
The ogre is lightly wounded.
You hit the ogre.
The ogre is moderately wounded.
The ogre hits you with a giant club!
Drink which item? (? for menu, Esc to quit)
You feel better.
It was a potion of curing.
The ogre closely misses you.
You slash the ogre!
The ogre is heavily wounded.
The ogre hits you with a giant club!
* * * LOW HITPOINT WARNING * * *
You slash the ogre!
The ogre is almost dead.
Drink which item? (? for menu, Esc to quit)
You feel better. The ogre hits you with a giant club!
Ouch! That really hurt!
You die...

###### #....#########
#.#.<.).....@#
#####.#.#######O.####
....#....#..........#
....###..#(####..##.#
.....##....####..##.#
#.##.###.####.......#
.........#..........# #########
..##.#####.##.#..##.# #......<#
.<)..............##.#####.#######


You could see an ogre.

Vanquished Creatures
  2 adders (D:2)
  A giant gecko (D:2)
  An ooze (D:1)
  An orc (D:3)
  5 bats
  10 hobgoblins
  6 giant cockroaches
  4 giant newts
  3 goblins
  4 jackals
  8 kobolds
  5 rats
50 creatures vanquished.

Notes
Turn   | Place    | Note
--------------------------------------------------------------
     0 | D:1      | BlackAndWhite, the Human Skald, began the quest for the Orb.
     0 | D:1      | Reached XP level 1. HP: 15/15 MP: 3/3
   289 | D:1      | Reached XP level 2. HP: 16/21 MP: 5/5
   741 | D:1      | Learned a level 2 spell: Song of Slaying
   744 | D:1      | Learned a level 2 spell: Shroud of Golubria
   836 | D:1      | Reached XP level 3. HP: 22/26 MP: 6/6
  1170 | D:2      | Found an iron altar of Okawaru.
  1190 | D:2      | Became a worshipper of Warmaster Okawaru
  1461 | D:2      | Reached XP level 4. HP: 25/33 MP: 8/8
  1867 | D:3      | Reached skill level 4 in Long Blades
  2408 | D:4      | Noticed an ogre
  2434 | D:3      | Mangled by an ogre

Action                   |  1- 3 |  4- 6 || total
-------------------------+-------+-------++-------
Melee: Falchion          |   151 |    61 ||   212
 Cast: Infusion          |     1 |       ||     1
  Use: Potion            |       |     2 ||     2
